 Dungeon Crawl Stone Soup version 0.21-a0-352-g5b8f553 (webtiles) character file.

287 nikopol the Chopper (level 6, -24/53 HPs)
             Began as a Hill Orc Fighter on Oct 11, 2017.
             Annihilated by an ogre
             ... wielding a +0 giant spiked club
              (29 damage)
             ... on level 3 of the Dungeon.
             The game lasted 00:06:27 (2755 turns).

nikopol the Chopper (Hill Orc Fighter)              Turns: 2755, Time: 00:06:27

Health: -24/53     AC:  7    Str: 21    XL:     6   Next: 30%
Magic:  6/6        EV:  8    Int:  8    God:
Gold:   120        SH:  9    Dex: 10    Spells: 5/5 levels left

rFire    . . .     SeeInvis .   a - +0 war axe
rCold    . . .     Gourm    .   c - +0 shield
rNeg     . . .     Faith    .   b - +0 scale mail
rPois    .         Spirit   .   (no helmet)
rElec    .         Reflect  .   (no cloak)
rCorr    .         Harm     .   (no gloves)
MR       .....                  (no boots)
Stlth    ..........             (no amulet)
HPRegen  0.17/turn              (no ring)
MPRegen  0.10/turn              (no ring)

@: no status effects
A: no striking features
a: no special abilities


You were on level 3 of the Dungeon.
You were not hungry.

You visited 1 branch of the dungeon, and saw 3 of its levels.

You collected 120 gold pieces.

Inventory:

Hand Weapons
 a - a +0 war axe (weapon)
Armour
 b - a +0 scale mail (worn)
 c - a +0 shield (worn)
Jewellery
 d - an uncursed ring of see invisible {unknown}
Scrolls
 g - 2 scrolls of remove curse {unknown}
 h - a scroll of identify {unknown}
 i - 3 scrolls of teleportation {unknown}
 k - a scroll of recharging {unknown}
 n - a scroll of fear {unknown}
 o - a scroll of enchant weapon {unknown}
 p - a scroll of blinking {unknown}
Potions
 e - 3 potions of curing {unknown}
 l - a potion of invisibility {unknown}
 r - a potion of mutation {unknown}
Comestibles
 f - 2 bread rations
 j - 4 meat rations
 m - 2 royal jellies
 q - 4 chunks of flesh


   Skills:
 + Level 4.7 Fighting
 + Level 5.4 Axes
 + Level 4.0 Armour
 + Level 0.7 Dodging
 + Level 0.7 Stealth
 + Level 4.8 Shields


You had 5 spell levels left.
You didn't know any spells.

Dungeon Overview and Level Annotations

Branches:
Dungeon (3/15)

Altars:
Sif Muna
Vehumet


Message History

The ogre hits you with a giant spiked club!!
You hit the ogre.
The ogre is severely wounded.
You hit the ball python but do no damage.
You block the ball python's attack. The ball python constricts you.
The ball python bites you but does no damage.
The ball python constricts you.
The ogre hits you with a giant spiked club!
You closely miss the ogre.
The ogre is severely wounded.
You hit the ball python.
You kill the ball python!
The ogre hits you with a giant spiked club!
* * * LOW HITPOINT WARNING * * *
You hit the ogre.
The ogre is severely wounded.
You hit the goblin. You block the goblin's attack.
The ogre hits you with a giant spiked club!!
Ouch! That really hurt!
You die...

.#..............####..
.(.###..........# #...
#.## ##.........# #..
#.####......##.######...
#.##...........#........
#.#...##................
......#.................
..♣...#..........g......
.♣.♣............@O......
♣._.♣...................
.♣.♣..#................#
..♣...#................#
...............>......##
.#####........##.....##
## #.......#########
#########


You could see an ogre and a goblin.

Vanquished Creatures
  A sky beast (D:3)
  An orc wizard (D:3)
  3 gnolls
  6 adders
  An ooze (D:3)
  3 worms
  2 dart slugs (D:1)
  5 leopard geckos
  3 orcs (D:3)
  7 bats
  5 giant cockroaches
  8 goblins
  4 hobgoblins
  9 kobolds
  2 quokkas (D:2)
  4 ball pythons
  A frilled lizard (D:3)
  5 rats
70 creatures vanquished.

Notes
Turn   | Place    | Note
-------+----------+-------------------------------------------
     0 | D:1      | nikopol the Hill Orc Fighter began the quest for the Orb.
     0 | D:1      | Reached XP level 1. HP: 19/19 MP: 1/1
    71 | D:1      | Reached XP level 2. HP: 24/27 MP: 2/2
   599 | D:1      | Reached skill level 3 in Axes
   599 | D:1      | Reached XP level 3. HP: 31/33 MP: 3/3
  1256 | D:2      | Reached XP level 4. HP: 26/40 MP: 4/4
  2098 | D:2      | Reached skill level 4 in Axes
  2122 | D:2      | Reached XP level 5. HP: 47/47 MP: 5/5
  2330 | D:3      | Found a deep blue altar of Sif Muna.
  2355 | D:3      | Found a faded altar of an unknown god.
  2382 | D:3      | Noticed a sky beast
  2400 | D:3      | Killed a sky beast
  2400 | D:3      | Reached skill level 5 in Axes
  2400 | D:3      | Reached XP level 6. HP: 8/53 MP: 6/6
  2695 | D:3      | Found a radiant altar of Vehumet.
  2755 | D:3      | Annihilated by an ogre

Vault maps used:
D:1:      saegor_arrival_simple_b
D:3:      vehumet_crystals, lemuel_crystal_altar,
          chequers_ecumenical_altar_simple_redux

Skill      XL: |  1  2  3  4  5 |
---------------+----------------+-----
Fighting       | 4 |  4.7
Axes           | 3 4 5 |  5.4
Shields        | 4 |  4.8
Armour         | 4 |  4.0
Dodging        | |  0.7
Stealth        | |  0.7

Action                   |  1- 3 |  4- 6 || total
-------------------------+-------+-------++-------
Melee: War axe           |   108 |   146 ||   254
  Use: Potion            |       |     1 ||     1
  Eat: Chunk             |       |     6 ||     6
Armor: Scale mail        |    58 |    76 ||   134
Dodge: Dodged            |    47 |    46 ||    93
Block: Shield            |    72 |    92 ||   164

Table legend:
 A = Spawn XP
 B = Non-spawn XP
 C = Spawn XP percentage of total XP
 D = Spawn monster count
 E = Non-spawn monster count
 F = Spawn count percentage of total count
 G = Total turns spent on level
                    A         B        C        D         E        F      G
               +---------+---------+-------+---------+---------+-------+---------
         Total |       0 |     411 |   0.0 |       0 |      70 |   0.0 |  2755
               +---------+---------+-------+---------+---------+-------+---------
           D:1 |       0 |      72 |   0.0 |       0 |      23 |   0.0 |  1236
           D:2 |       0 |      98 |   0.0 |       0 |      19 |   0.0 |  1007
           D:3 |       0 |     241 |   0.0 |       0 |      28 |   0.0 |   512
               +---------+---------+-------+---------+---------+-------+---------
